 Dungeon Sprint DCSS version 0.19.5 (webtiles) character file.

1200 equalderp2856 the Thaumaturge (level 8, -1/44 HPs)
             Began as a Deep Elf Ice Elementalist on Apr 2, 2017.
             Was an Initiate of Gozag.
             Slain by Joseph
             ... wielding a +0 quarterstaff
              (10 damage)
             ... in the Dungeon (Sprint VII: "The Pits").
             The game lasted 00:08:03 (1574 turns).

equalderp2856 the Thaumaturge (DEIE)                Turns: 1574, Time: 00:08:04

Health: -1/44      AC:  2    Str:  6    XL:     8   Next: 21%
Magic:  2/28       EV: 16    Int: 22    God:    Gozag
Gold:   1467       SH:  0    Dex: 15    Spells: 5 memorised, 21 levels left

rFire  . . .     SeeInvis .     y - +2 dagger (elec)
rCold  . . .     Gourm    .     a - +0 robe
rNeg   . . .     Faith    .     (no shield)
rPois  .         Spirit   .     (no helmet)
rElec  .         Reflect  .     (no cloak)
rCorr  .         Harm     .     (no gloves)
MR     .....     NoTele   +     (no boots)
Stlth  +++.......               (no amulet)
                                (no ring)
                                (no ring)

@: no status effects
A: no striking features
a: Potion Petition, Call Merchant, Bribe Branch, Renounce Religion


You were in the Dungeon.
You worshipped Gozag.
Gozag was most pleased with you.
You were not hungry.

You visited 1 branch You collected 1467 gold pieces.

Inventory:

Hand Weapons
 t - a +0 trident of piercing
 u - a +0 mace of crushing
 v - a +2 quarterstaff of protection
 w - a +2 hand axe of freezing
 x - a +1 long sword of holy wrath
 y - a +2 dagger of electrocution (weapon)
Missiles
 q - 10 stones (quivered)
Armour
 a - a +0 robe (worn)
 s - a +2 plate armour
Magical Staves
 r - an uncursed staff of energy
Scrolls
 k - 3 scrolls of remove curse
 l - 5 scrolls of amnesia
 m - a scroll of summoning
 p - 2 scrolls of vulnerability
Potions
 d - 2 potions of curing
 f - a potion of haste
 g - 4 potions of magic
 h - 3 potions of berserk rage
 j - a potion of invisibility
Books
 b - a book of Frost

   Spells                             Type                      Level
   a - Freeze                         Ice                          1
   b - Throw Frost                    Conjuration/Ice              2
   c - Ozocubu's Armour               Charms/Ice                   3
   d - Throw Icicle                   Conjuration/Ice              4
   e - Summon Ice Beast               Ice/Summoning                4
Comestibles
 c - 7 bread rations
 n - 40 fruits
 o - 7 meat rations


   Skills:
 + Level 2.2 Fighting
 + Level 2.6 Short Blades
 + Level 2.1 Staves
 + Level 6.4 Dodging
 + Level 5.5 Stealth
 + Level 0.5 Unarmed Combat
 + Level 14.2 Spellcasting
 + Level 4.6 Conjurations
 + Level 0.7 Summonings
 + Level 12.2 Ice Magic


You had 21 spell levels left.
You knew the following spells:

 Your Spells              Type           Power        Failure   Level  Hunger
a - Freeze                Ice            ####         1%          1    None
b - Throw Frost           Conj/Ice       ######       1%          2    None
c - Ozocubu's Armour      Chrm/Ice       #####...     1%          3    None
d - Throw Icicle          Conj/Ice       ######..     1%          4    None
e - Summon Ice Beast      Ice/Summ       #####...     2%          4    None


Dungeon Overview and Level Annotations

Branches:
Dungeon (1/1)

Altars:
Ashenzari
Cheibriados
Dithmenos
Elyvilon
Fedhas
Gozag
Hepliaklqana
Kikubaaqudgha
Makhleb
Nemelex Xobeh
Okawaru
Qazlal
Ru
Sif Muna
Trog
Uskayaw
Vehumet
Xom
Yredelemnul
Zin
The Shining One
Beogh
Jiyva
Lugonu

Annotations:
D Joseph


Message History

Something closely misses your ice beast.
Something closely misses your ice beast.
Something hits your ice beast! Something hits your ice beast!
Your ice beast dies!
Your ice beast hits Joseph.
Your ice beast freezes Joseph!
Joseph hits you with an uncursed quarterstaff!
* * * LOW HITPOINT WARNING * * *
You feel better.
Your ice beast hits Joseph.
Your ice beast freezes Joseph!
Okay, then.
Your ice beast hits Joseph but does no damage.
Joseph hits you with an uncursed quarterstaff.
* * * LOW HITPOINT WARNING * * *
You see here 117 gold pieces.
Casting: Summon Ice Beast
Confirm with . or Enter, or press ? or * to list all spells.
A chill wind blows around you.
Joseph hits you with an uncursed quarterstaff!
You die...
Your body crumbles into a pile of gold.

________##....................#
________###########)'##########
__#####'###########''######
###)))#.##................#
..')))'.##......#..#......#
#######.##................+
)......).')..((Y..........+
####)#####....(.#@.#......#
.....#..##.....Y@.........#
.....#..#####'#####''######
##'###..##.......##''#
.)...#..##.......##..#
.....#.[##.......##..# #
###'##'###...<...##..# l#
........##.......##.$# ...
........##.......##..## ....
##########.......##...##.....


You could see Joseph and 2 friendly ice beasts.

Vanquished Creatures
  A sea snake (D)
  A warg (D)
  A soldier ant (D)
  A sky beast (D)
  An ogre (D)
  2 orc priests (D)
  2 gnolls (D)
  A river rat (D)
  An ooze (D)
  A leopard gecko (D)
  2 orcs (D)
  A giant cockroach (D)
  3 ball pythons (D)
  2 goblins (D)
  A jackal skeleton (D)
  A kobold (D)
22 creatures vanquished.

Vanquished Creatures (collateral kills)
  A tyrant leech (D)
  A mottled dragon (D)
2 creatures vanquished.

Grand Total: 24 creatures vanquished

Notes
Turn   | Place    | Note
-------+----------+-------------------------------------------
     0 | D        | equalderp2856 the Deep Elf Ice Elementalist began the quest for the Orb.
     0 | D        | Reached XP level 1. HP: 10/10 MP: 6/6
    22 | D        | Found a radiant altar of Vehumet.
    22 | D        | Found a hide-covered altar of Uskayaw.
    22 | D        | Found an ancient bone altar of Kikubaaqudgha.
    22 | D        | Found a viscous altar of Jiyva.
    22 | D        | Found a hazy altar of Hepliaklqana.
    23 | D        | Found a bloodstained altar of Trog.
    23 | D        | Found a deep blue altar of Sif Muna.
    23 | D        | Found a sacrificial altar of Ru.
    23 | D        | Found a stormy altar of Qazlal.
    23 | D        | Found an iron altar of Okawaru.
    23 | D        | Found a sparkling altar of Nemelex Xobeh.
    23 | D        | Found an opulent altar of Gozag.
    23 | D        | Found a blossoming altar of Fedhas.
    23 | D        | Found a white marble altar of Elyvilon.
    23 | D        | Found a shadowy altar of Dithmenos.
    23 | D        | Found a snail-covered altar of Cheibriados.
    24 | D        | Found a glowing golden altar of the Shining One.
    24 | D        | Found a glowing silver altar of Zin.
    26 | D        | Found a roughly hewn altar of Beogh.
    26 | D        | Found a burning altar of Makhleb.
    26 | D        | Found a basalt altar of Yredelemnul.
    27 | D        | Found a shattered altar of Ashenzari.
    27 | D        | Found a corrupted altar of Lugonu.
    27 | D        | Found a shimmering altar of Xom.
    29 | D        | Became a worshipper of Gozag Ym Sagoz the Greedy
   106 | D        | Reached skill level 4 in Spellcasting
   106 | D        | Reached XP level 2. HP: 15/15 MP: 3/9
   116 | D        | Learned a level 2 spell: Throw Frost
   263 | D        | Reached skill level 5 in Spellcasting
   263 | D        | Reached skill level 5 in Ice Magic
   281 | D        | Reached XP level 3. HP: 11/19 MP: 1/12
   593 | D        | Noticed a warg
   593 | D        | Noticed an ogre
   593 | D        | Noticed a sky beast
   602 | D        | Killed a warg
   602 | D        | Reached skill level 1 in Staves
   602 | D        | Reached skill level 8 in Spellcasting
   602 | D        | Reached XP level 4. HP: 24/24 MP: 9/16
   602 | D        | Reached XP level 5. HP: 28/28 MP: 9/17
   606 | D        | Reached skill level 5 in Dodging
   802 | D        | Killed a sky beast
   802 | D        | Reached skill level 10 in Spellcasting
   802 | D        | Reached XP level 6. HP: 28/33 MP: 13/21
   807 | D        | Learned a level 3 spell: Ozocubu's Armour
   812 | D        | Learned a level 4 spell: Throw Icicle
   817 | D        | Learned a level 4 spell: Summon Ice Beast
   933 | D        | Reached skill level 1 in Fighting
   933 | D        | Reached skill level 1 in Short Blades
   933 | D        | Reached skill level 11 in Spellcasting
   933 | D        | Reached skill level 10 in Ice Magic
  1163 | D        | Noticed a sea snake
  1167 | D        | Noticed a soldier ant
  1188 | D        | Killed a soldier ant
  1188 | D        | Reached skill level 5 in Stealth
  1188 | D        | Reached skill level 12 in Spellcasting
  1188 | D        | Reached XP level 7. HP: 38/38 MP: 14/24
  1262 | D        | Killed a sea snake
  1262 | D        | Reached skill level 13 in Spellcasting
  1262 | D        | Reached XP level 8. HP: 13/44 MP: 2/27
  1481 | D        | Noticed Joseph
  1482 | D        | Noticed an ice devil
  1490 | D        | Reached skill level 14 in Spellcasting
  1494 | D        | Noticed a tyrant leech
  1516 | D        | Killed a tyrant leech
  1574 | D        | Slain by Joseph

Skill      XL: |  1  2  3  4  5  6  7  8 |
---------------+-------------------------+-----
Dodging        | 3 4 5 6 |  6.4
Spellcasting   | 4 5 8 10 12 13 14 | 14.2
Ice Magic      | 4 5 8 9 10 11 12 | 12.2
Stealth        | 3 4 5 |  5.5
Staves         | 1 2 |  2.1
Conjurations   | 2 4 |  4.6
Fighting       | 1 2 |  2.2
Short Blades   | 1 2 |  2.6
Unarmed Combat | |  0.5
Summonings     | |  0.7

Action                   |  1- 3 |  4- 6 |  7- 9 || total
-------------------------+-------+-------+-------++-------
Melee: Unarmed           |     1 |       |       ||     1
       Staff             |    11 |       |       ||    11
       Dagger            |       |     6 |     2 ||     8
 Cast: Freeze            |    18 |    16 |       ||    34
       Throw Frost       |     3 |     1 |       ||     4
       Throw Icicle      |       |     4 |     9 ||    13
       Summon Ice Beast  |       |       |     9 ||     9
  Use: Potion            |     2 |     2 |     7 ||    11
       Scroll            |       |     1 |       ||     1
 Stab: Sleeping          |     1 |     1 |       ||     2
  Eat: Bread ration      |       |     1 |       ||     1
Armor: Robe              |     2 |     4 |       ||     6
Dodge: Dodged            |    21 |    10 |     5 ||    36
